 Dungeon Crawl Stone Soup version 0.28.0-53-g5a82cb258f (webtiles) character file.

Game seed: 7808803281194715574

7 CryoSword the Conjurer (level 1, -1/16 HPs)
             Began as a Draconian Conjurer on June 2, 2022.
             Frozen to death by an endoplasm (5 damage)
             ... on level 1 of the Dungeon.
             The game lasted 00:00:50 (228 turns).

CryoSword the Conjurer (Draconian Conjurer)          Turns: 228, Time: 00:00:51

Health: -1/16      AC:  4    Str:  9    XL:     1   Next: 83%
Magic:  0/3        EV: 12    Int: 18    God:
Gold:   15         SH:  0    Dex:  9    Spells: 3/4 levels left

rFire   . . .      SeeInvis .   c - +0 whip
rCold   . . .      Faith    .   (no shield)
rNeg    . . .      Spirit   .   (armour unavailable)
rPois   .          Reflect  .   (helmet restricted)
rElec   .          Harm     .   (no cloak)
rCorr   .          Rampage  .   (no gloves)
Will    .....                   (no boots)
Stlth   ++........              (no amulet)
HPRegen 0.05/turn               (no ring)
MPRegen 0.08/turn               (no ring)

@: slowed, very slow
A: AC +4, unfitting armour, cold-blooded
a: no special abilities


You were on level 1 of the Dungeon.
You visited 1 branch of the dungeon, and saw 1 of its levels.

You collected 15 gold pieces.

Inventory:

Hand Weapons
 c - a +0 whip (weapon)
   (You found it on level 1 of the Dungeon)
Potions
 a - a potion of curing {unknown}


   Skills:
 + Level 1.0 Fighting
 - Level 1.7 Dodging
 - Level 1.7 Stealth
 - Level 2.0 Spellcasting
 + Level 4.2 Conjurations


You had 3 spell levels left.
You knew the following spells:

 Your Spells              Type           Power      Damage    Failure   Level
a - Magic Dart            Conj           64%        1d6       3%          1

Your spell library contained the following spells:

 Spells                   Type           Power      Damage    Failure   Level
 Searing Ray              Conj           32%        2d5       4%          2
 Dazzling Flash           Conj/Hex       18%        N/A       22%         3
 Fulminant Prism          Conj/Hex       4%         3d6       58%         4
 Iskenderun's Mystic Bla  Conj/Tloc      9%         2d4       58%         4


Dungeon Overview and Level Annotations

Branches:
Dungeon (1/15)

Altars:

Shops:
D:1 *


Innate Abilities, Weirdness & Mutations

Your plain brown scales are hard. (AC +4)
You cannot fit into any form of body armour.
You are cold-blooded and may be slowed by cold attacks.


Message History

Welcome, CryoSword the Draconian Conjurer.
Are you destined to find the legendary Orb of Zot, or to die trying?
Found a ring mail.
Found a staircase leading out of the dungeon.
Saving game... please wait.
Welcome back, CryoSword the Draconian Conjurer.
You open the door.
A rat comes into view.
Found a blue potion and 8 gold pieces.
There is an open door here.
A rat is nearby!
A rat is nearby!
The helpless rat fails to defend itself.
You hit the rat. You tail-slap the rat.
You kill the rat!
No target in view!
Found a hand axe.
a - a blue potion You now have 8 gold pieces.
Could not explore, unopened door.
Could not explore, unopened door.
You open the door.
There is an open door here.
Could not explore, unopened door.
Could not explore, unopened door.
You open the door.
Found Uceefeuh's General Store.
There is an open door here.
A bat comes into view.
A bat is nearby!
There is a dry fountain here.
The bat hits you but does no damage. The bat misses you.
You closely miss the bat. The bat barely misses you. The bat misses you.
Aim: a bat (100% to hit)
The magic dart hits the bat.
You kill the bat!
There is an entrance to Uceefeuh's General Store here.
There is a fountain of clear blue water here.
A goblin comes into view. It is wielding a +0 club.
A goblin is nearby!
A goblin is nearby!
Aim: a goblin, wielding a +0 club (asleep, 100% to hit)
The magic dart hits the goblin.
You kill the goblin!
Things that are here:
a +0 club; a goblin corpse
Things that are here:
a +0 club; a goblin corpse
b - a +0 club
b - a +0 club (weapon)
Found a whip.
Found 7 gold pieces.
A goblin comes into view. It is wielding a +0 dagger.
Aim: a goblin, wielding a +0 dagger (asleep, 100% to hit)
The magic dart hits the goblin.
You kill the goblin!
You see here a +0 whip.
c - a +0 whip
c - a +0 whip (weapon)
You drop a +0 club.
Things that are here:
a +0 dagger; a goblin corpse You now have 15 gold pieces (gained 7).
Found a stone staircase leading down.
There is a stone staircase leading down here.
Could not explore, unopened door.
Could not explore, unopened door.
You open the door.
A bat comes into view.
A bat is nearby!
A bat is nearby!
There is an open door here.
The bat barely misses you. The bat closely misses you.
Aim: a bat (100% to hit)
The magic dart hits the bat.
The bat barely misses you.
Aim: a bat (severely wounded, 100% to hit)
The magic dart hits the bat.
You kill the bat!
Could not explore, unopened door.
Could not explore, unopened door.
You open the door.
There is an open door here.
Could not explore, unopened door.
Could not explore, unopened door.
You open the door.
There is an open door here.
Found a scale mail.
A goblin comes into view. It is wielding a +0 club.
A goblin is nearby!
A goblin is nearby!
An endoplasm comes into view.
The goblin shouts!
The endoplasm quivers.
A kobold comes into view. It is wielding a +0 short sword.
Found 13 gold pieces.
The kobold shouts!
Aim: a goblin, wielding a +0 club (100% to hit)
The magic dart hits the goblin.
Aim: a goblin, wielding a +0 club (moderately wounded, 100% to hit)
You miscast Magic Dart.
You are very lightly contaminated with residual magic.
Nothing appears to happen.
Your magical contamination has completely faded away.
Aim: a goblin, wielding a +0 club (moderately wounded, 100% to hit)
The magic dart hits the goblin.
You don't have enough magic to cast this spell.
Unknown command.
You closely miss the goblin.
Your tail-slap misses the goblin.
The goblin hits you but does no damage.
You hit the goblin. The goblin hits you with a +0 club.
You hit the goblin.
You kill the goblin!
Your Fighting skill increases to level 1!
You hit the endoplasm. The endoplasm freezes you.
You are frozen.
You feel yourself slow down.
Aim: an endoplasm (severely wounded, 100% to hit)
The magic dart hits the endoplasm.
You feel yourself speed up. The endoplasm freezes you.
You are frozen.
You feel yourself slow down. The endoplasm closely misses you.
You barely miss the endoplasm. The endoplasm freezes you.
You are frozen.
* * * LOW HITPOINT WARNING * * *
The endoplasm freezes you.
You are frozen.
You die...

#...# #...........#
##8.8.8 #...#
#####'#.....# #####'
#...# #.......# #.. #...#
##.###### #.. ##### #.##
#.. #..# ####.. ##.# ###
#..... #.##### #.# #.###'
#@....###[###.# #.
#J###.+..<..+.# #.
#K#######.#######.
#.#.............#.
#.####.#####.####.
#..###.#####.###..
#########.##.........##.#
#.......#.######.######.#
#.......#.+...........'.#


You could see an endoplasm and a kobold.

Vanquished Creatures
  3 goblins (D:1)
  2 bats (D:1)
  A rat (D:1)
6 creatures vanquished.

Notes
Turn   | Place    | Note
-------+----------+-------------------------------------------
     0 | D:1      | CryoSword the Draconian Conjurer began the quest for the
                  | Orb.
     0 | D:1      | Reached XP level 1. HP: 14/14 MP: 3/3
    46 | D:1      | Found Uceefeuh's General Store.
   225 | D:1      | Reached skill level 1 in Fighting
   228 | D:1      | Frozen to death by an endoplasm

Illustrated notes

Levels and vault maps discovered:
D:1:      shiori_shiawase, layout_basic, serial_shops,
          nicolae_shop_temple_entry_statues_fountains

Skill      XL: |  1 |
---------------+----+-----
Fighting       | 1 |  1.0
Dodging        | |  1.7
Stealth        | |  1.7
Spellcasting   | |  2.0
Conjurations   | |  4.2

Action                   || total
-------------------------++-------
Melee: Whip              ||     5
       Unarmed           ||     2
       Tailslap          ||     1
 Cast: Magic Dart        ||     8
 Stab: Sleeping          ||     1
Armor: Skin              ||     2
Dodge: Dodged            ||     7
